 Dungeon Crawl Stone Soup version 0.28-a0-1212-gc6b4282bc0 (webtiles) character file.

Game seed: 3628092959891690143

1 Lavandula the Ruffian (level 1, 0/15 HPs)
             Began as a Formicid Transmuter on Dec 21, 2021.
             Slain by a bat (1 damage)
             ... on level 2 of the Dungeon.
             The game lasted 00:00:30 (111 turns).

Lavandula the Ruffian (Formicid Transmuter)          Turns: 111, Time: 00:00:30

Health: 0/15       AC:  2    Str: 14    XL:     1   Next: 22%
Magic:  3/3        EV: 12    Int: 12    God:
Gold:   0          SH:  0    Dex: 11    Spells: 3/4 levels left

rFire   . . .      SeeInvis +     - Unarmed
rCold   . . .      Faith    .   (no shield)
rNeg    . . .      Spirit   .   a - +0 robe
rPois   .          Reflect  .   (helmet unavailable)
rElec   .          Harm     .   (no cloak)
rCorr   .          Rampage  .   (no gloves)
Will    .....                   (no boots)
Stlth   +.........              (no amulet)
HPRegen 0.05/turn               (no ring)
MPRegen 0.08/turn               (no ring)

@: no status effects
A: permanent stasis, dig shafts and tunnels, antennae 3, four strong arms
a: Dig, Shaft Self


You were on level 2 of the Dungeon.
You visited 1 branch of the dungeon, and saw 2 of its levels.

Inventory:

Armour
 a - a +0 robe (worn)


   Skills:
 - Level 1.1 Fighting
 - Level 1.7 Dodging
 + Level 3.1 Unarmed Combat
 - Level 2.1 Spellcasting
 - Level 2.1 Transmutations


You had 3 spell levels left.
You knew the following spells:

 Your Spells              Type           Power      Damage    Failure   Level
a - Beastly Appendage     Tmut           12%        N/A       11%         1

Your spell library contained the following spells:

 Spells                   Type           Power      Damage    Failure   Level
 Wereblood                Tmut           6%         N/A       17%         2
 Spider Form              Tmut/Pois      3%         N/A       45%         3
 Ice Form                 Ice/Tmut       3%         N/A       86%         4


Dungeon Overview and Level Annotations

Branches:
Dungeon (1/15)

Altars:


Innate Abilities, Weirdness & Mutations

You cannot be hasted, slowed, berserked, paralysed or teleported.
You can dig through walls and to a lower floor.
You have a pair of large antennae on your head. (SInv)
Your four strong arms can wield two-handed weapons with a shield.


Message History

Your feet morph into talons.
Your transformation is almost over.
The quokka closely misses you.
You completely miss the quokka. The quokka barely misses you.
You closely miss the quokka. Your kick misses the quokka.
The quokka barely misses you.
You hit the quokka.
The quokka is heavily wounded.
The quokka bites you.
You hit the quokka. Your kick misses the quokka.
The quokka is almost dead.
The quokka closely misses you.
You miss the quokka. Your kick misses the quokka.
The quokka is almost dead.
The quokka bites you but does no damage.
You hit the quokka.
You kill the quokka!
Your talons disappear.
You enter the shallow water.
Moving in this stuff is going to be slow.
The gnoll hits you but does no damage.
Are you sure you want to shaft yourself?
The gnoll hits you with a +0 club.
You begin to dig a shaft.
You continue digging a shaft.
The gnoll hits you with a +0 club.
* * * LOW HITPOINT WARNING * * *
A shaft appears beneath you!
You fall into a shaft and drop 1 floor!
The shaft crumbles and collapses.
The adder hisses angrily.
A worm comes into view.
The bat misses you.
You extend your mandibles.
You dig through the rock wall.
Found a gilded ring.
The bat hits you.
* * * LOW HITPOINT WARNING * * *
The bat hits you but does no damage. The bat hits you.
* * * LOW HITPOINT WARNING * * *
You retract your mandibles.
The bat misses you. The bat hits you.
You die...

.. .. ####.### ...
#......#
...#+#####.#....#
......^..#w#....#
........S#{#....#
...........#..#.+
.........##.b...#
.........####@###
.........+...........
.........####.#......
.........# #.#.=....
.........# #.# .....
.......#.# #.# #....
##.....#.# #.# ##..
#..... .# #.# ##


You could see an adder and a bat.

Vanquished Creatures
  A quokka (D:1)
1 creature vanquished.

Notes
Turn   | Place    | Note
-------+----------+-------------------------------------------
     0 | D:1      | Lavandula the Formicid Transmuter began the quest for the
                  | Orb.
     0 | D:1      | Reached XP level 1. HP: 15/15 MP: 3/3
   105 | D:1      | You fall into a shaft and drop 1 floor!
   111 | D:2      | Slain by a bat

Illustrated notes

Levels and vault maps discovered:
D:1:      dpeg_arrival_water_fire, layout_loops_ring,
          dreamdust_ecumenical_altar_grove,
          nicolae_concentric_dashed_squares_mild, minmay_gold_behind_fungi,
          minmay_split_cup_large
D:2:      layout_basic, roderic_lattice_a

Action                   || total
-------------------------++-------
Melee: Unarmed           ||     6
 Cast: Beastly Appendage ||     1
 Abil: Dig               ||     1
       Shaft Self        ||     1
Armor: Robe              ||     3
Dodge: Dodged            ||     6

Table legend: (Time is in decaauts)
 A = Elapsed time spent in this place.
 B = Non-inter-level travel time spent in this place.
 C = Inter-level travel time spent in this place.
 D = Time resting spent in this place.
 E = Time spent auto-exploring this place.
 F = Levels seen in this place.
 G = Mean time per level.
                   A        B        C        D        E       F      G
               +--------+--------+--------+--------+--------+-----+--------+
         Total |    112 |    112 |      0 |      0 |     69 |   2 |   56.0 |
       Dungeon |    112 |    112 |      0 |      0 |     69 |   2 |   56.0 |
               +--------+--------+--------+--------+--------+-----+--------+

Top non-repeatable levels by time:
     D:1: 106 daAuts
     D:2: 6 daAuts
